 Dungeon Crawl Stone Soup version 0.25-a0-353-ged6d54792d (webtiles) character file.

Game seed: 3470353467722128942, levelgen mode: classic

50 Borgoz the Covered (level 3, -4/24 HPs)
             Began as a Gargoyle Fighter on Jan 1, 2020.
             Killed from afar by Sigmund (6 damage)
             ... with a magic dart
             ... on level 2 of the Dungeon.
             The game lasted 00:01:09 (919 turns).

Borgoz the Covered (Gargoyle Fighter)                Turns: 919, Time: 00:01:10

Health: -4/24      AC: 11    Str: 20    XL:     3   Next: 79%
Magic:  3/3        EV: 10    Int:  8    God:
Gold:   24         SH:  0    Dex:  9    Spells: 2/2 levels left

rFire    . . .     SeeInvis .   a - +0 flail
rCold    . . .     Gourm    .   (no shield)
rNeg     + . .     Faith    .   b - +0 scale mail
rPois    ∞         Spirit   .   k - +0 helmet
rElec    +         Reflect  .   (no cloak)
rCorr    .         Harm     .   (no gloves)
MR       +....                  (no boots)
Stlth    ..........             (no amulet)
HPRegen  0.08/turn              g - ring of protection from magic
MPRegen  0.08/turn              (no ring)

@: no status effects
A: negative energy resistance 1, electricity resistance, unbreathing,
petrification resistance, rot immunity, AC +3
a: no special abilities


You were on level 2 of the Dungeon.
You were not hungry.

You visited 1 branch of the dungeon, and saw 2 of its levels.

You collected 24 gold pieces.

Inventory:

Hand Weapons
 a - a +0 flail (weapon)
Armour
 b - a +0 scale mail (worn)
 k - a +0 helmet (worn)
Jewellery
 g - a ring of protection from magic (left hand)
Scrolls
 h - 2 scrolls of identify {unknown}
 i - a scroll of magic mapping {unknown}
Potions
 c - 2 potions of lignification {unknown}
 d - a potion of might
 e - a potion of magic {unknown}
 j - a potion of heal wounds {unknown}
Comestibles
 f - 4 rations
 l - a chunk of flesh


   Skills:
 + Level 3.7 Fighting
 * Level 2.9 Maces & Flails
 + Level 3.7 Armour
 + Level 1.0 Dodging
   Level 3.2 Shields


You had 2 spell levels left.
You didn't know any spells.
Your spell library was empty.

Dungeon Overview and Level Annotations

Branches:
Dungeon (2/15)

Altars:
Ru

Annotations:
D:2 Sigmund


Innate Abilities, Weirdness & Mutations

You are resistant to torment.
Your stone body is resilient. (AC +3)
You are immune to poison.
You resist negative energy. (rN+)
You are resistant to electric shocks. (rElec)
You can survive without breathing.
You are immune to petrification.
You are immune to rotting.


Message History

The rat barely misses you. The goblin hits you but does no damage.
Something hits you but does no damage. The rat closely misses you.
The goblin completely misses you.
Things that are here:
a cursed +0 club; a hobgoblin corpse Something hits you but does no damage.
You barely miss the goblin. The goblin hits you but does no damage.
The goblin completely misses you.
You closely miss the goblin. The goblin hits you but does no damage.
You closely miss the goblin. The goblin hits you but does no damage.
You sock the goblin!
You kill the goblin!
Your scale mail prevents you from hitting the rat.
The rat barely misses you. Something hits you!
* * * LOW HITPOINT WARNING * * *
You thump the rat!
You kill the rat!
A magic dart appears from out of thin air!
The magic dart hits you.
You die...

#........#.## #........#.#
##.. #........#### ....
#............ #...
#............ ###..
#...........) .....[
#............
###...##########............
....?....{)@...#............
###.....#####.#..........#.
.....>..)#####'#########.#.#
####.....#...[......###.#...
#.....#..........##.#....
#.....#..........##.#.≈≈≈
#.....#.............#≈...
#.....#..........#..#≈._.
#.....#..........#..#≈...


There were no monsters in sight!

Vanquished Creatures
  An adder (D:2)
  3 oozes (D:1)
  A dart slug (D:1)
  A leopard gecko (D:1)
  4 goblins
  3 hobgoblins
  5 bats (D:1)
  3 frilled lizards
  4 kobolds (D:1)
  4 rats
29 creatures vanquished.

Vanquished Creatures (others)
  A goblin (D:2)
1 creature vanquished.

Grand Total: 30 creatures vanquished

Notes
Turn   | Place    | Note
-------+----------+-------------------------------------------
     0 | D:1      | Borgoz the Gargoyle Fighter began the quest for the Orb.
     0 | D:1      | Reached XP level 1. HP: 14/14 MP: 1/1
   157 | D:1      | Reached XP level 2. HP: 19/19 MP: 2/2
   498 | D:1      | Reached XP level 3. HP: 21/23 MP: 3/3
   742 | D:2      | Found a sacrificial altar of Ru.
   749 | D:2      | Reached skill level 1 in Dodging
   896 | D:2      | Noticed Sigmund
   919 | D:2      | Killed from afar by Sigmund

Levels and vault maps discovered:
D:1:      roderic_crossed_star, layout_basic
D:2:      layout_basic, fiery_altar_vehumet, nicolae_ru_awakened_eye,
          uniq_sigmund

Skill      XL: |  1  2  3 |
---------------+----------+-----
Dodging        | 1 |  1.0
Fighting       | |  3.7
Maces & Flails | |  2.9
Armour         | |  3.7
Shields        | |  3.2

Action                   || total
-------------------------++-------
Melee: Flail             ||    87
Armor: Scale mail        ||    59
Dodge: Dodged            ||    63

Table legend:
 A = Non-vault XP
 B = Vault XP
 C = Vault XP percentage of total XP
 D = Non-vault monster count
 E = Vault monster count
 F = Vault count percentage of total count
                 A         B        C        D         E       F
            +---------+---------+-------+---------+---------+-------
      Total |      72 |       0 |   0.0 |      29 |       0 |   0.0
            +---------+---------+-------+---------+---------+-------
        D:1 |      51 |       0 |   0.0 |      22 |       0 |   0.0
        D:2 |      21 |       0 |   0.0 |       7 |       0 |   0.0
            +---------+---------+-------+---------+---------+-------
